Map: King's Cove LE

Players

Throwfordays - Winner!

  • Race: Protoss Protoss
  • League: Silver
  • Spawn Location: 5:00

Monkon

  • Race: Zerg Zerg
  • League: Silver
  • Spawn Location: 11:00

VOD

Have the link to the VOD?

Description

Time

  • Played on: Feb. 10, 2019, 6:20 p.m.
  • Length: 11:32
Show
View Real Time Build Order
Export as new Build Order

Throwfordays Protoss - Winner!

Build Orders:  

Get SALT Encoding   

  12  0:00  Probe  
  13  0:13  Probe  
  14  0:18  Pylon  
  14  0:25  Probe  
  15  0:39  Gateway  
  15  0:41  Probe  
  16  0:53  Probe  
  17  0:59  Assimilator  
  17  1:06  Probe  
  18  1:13  Assimilator  
  18  1:18  Probe  
  19  1:29  Cybernetics Core  
  19  1:30  Probe  
  20  1:42  Probe  
  20  1:46  Zealot  
  21  1:47  Pylon  
  21  1:52  Warp Gate  
  23  2:00  Pylon  
  23  2:03  Gateway  
  23  2:05  Probe  
  24  2:23  Forge  
  24  2:29  Pylon  
  24  2:34  Probe  
  25  2:41  Protoss Ground Weapons Level 1  
  25  2:46  Probe  
  26  2:52  Stalker x2  
  30  3:25  Nexus  
  30  3:45  Photon Cannon  
  30  3:51  Photon Cannon  
  30  3:58  Photon Cannon  
  30  4:10  Assimilator  
  30  4:12  Probe  
  30  4:13  Assimilator  
  31  4:22  Pylon  
  31  4:26  Stalker  
  33  4:40  Stalker  
  35  4:56  Probe  
  35  4:57  Probe  
  37  5:04  Probe  
  37  5:05  Probe  
  37  5:13  Probe  
  37  5:14  Probe  
  41  5:22  Pylon  
  41  5:24  Probe  
  41  5:25  Pylon  
  41  5:26  Probe  
  43  5:31  Pylon  
  43  5:37  Probe  
  43  5:38  Probe  
  43  5:42  Gateway  
  45  5:50  Probe  
  46  5:57  Forge  
  46  5:59  Gateway  
  46  6:01  Gateway  
  46  6:08  Twilight Council  
  46  6:12  Cybernetics Core  
  46  6:16  Probe  
  47  6:19  Probe  
  48  6:28  Probe  
  48  6:31  Probe  
  48  6:32  Protoss Ground Armor Level 1  
  50  6:40  Probe  
  50  6:43  Probe  
  52  6:52  Probe  
  53  6:59  Probe  
  54  7:11  Adept x3, Probe  
  61  7:23  Probe  
  62  7:47  Stalker x4  
  62  7:48  Stalker  
  68  7:51  Protoss Ground Weapons Level 2  
  68  7:57  Pylon  
  66  8:13  Resonating Glaives  
  66  8:18  Stalker x3  
  66  8:19  Stalker x2  
  53  8:36  Pylon  
  46  8:50  Stalker  
  46  8:51  Stalker x4  
  54  9:14  Stalker  
  54  9:15  Stalker x4  
  64  9:50  Stalker x3  
  64  9:51  Stalker x2  
  72  10:33  Stalker x5  
  72  11:04  Stalker x2  
  72  11:05  Stalker x3  
Show
View Real Time Build Order
Export as new Build Order

Monkon Zerg 

Build Orders: Pool First 

Get SALT Encoding   

  12  0:06  Drone  
  13  0:11  Drone  
  14  0:18  Extractor, Drone  
  14  0:32  Overlord  
  14  0:52  Spawning Pool  
  14  0:54  Drone x2  
  15  1:03  Drone  
  16  1:14  Extractor, Drone  
  16  1:39  Hatchery  
  15  1:40  Zergling x2  
  16  1:48  Zergling x4  
  19  2:26  Hatchery  
  19  2:28  Drone x3  
  21  2:41  Extractor  
  20  2:58  Lair, Roach Warren  
  19  3:00  Drone  
  19  3:01  Drone x2  
  22  3:19  Metabolic Boost  
  22  3:28  Drone, Evolution Chamber  
  22  3:31  Overlord  
  22  3:40  Queen  
  24  3:47  Roach  
  26  3:57  Zerg Melee Weapons Level 1  
  26  4:05  Queen  
  26  4:09  Drone  
  28  4:31  Drone x3  
  28  4:37  Drone x2  
  33  4:53  Overlord  
  33  5:03  Spire  
  32  5:11  Spine Crawler  
  31  5:17  Spine Crawler  
  30  5:31  Spore Crawler  
  29  5:37  Drone  
  29  5:38  Drone  
  29  5:39  Drone  
  32  5:51  Zerg Melee Weapons Level 2  
  32  6:00  Spine Crawler  
  31  6:10  Zergling x2  
  31  6:11  Zergling x6  
  35  6:16  Zerg Flyer Weapons Level 1  
  35  6:21  Overlord  
  35  6:24  Overlord x2  
  35  7:04  Mutalisk x5  
  45  7:14  Hatchery  
  44  7:25  Roach  
  44  7:26  Roach x3  
  51  7:36  Spine Crawler  
  48  7:55  Queen  
  48  7:57  Zergling x2, Roach  
  48  7:58  Roach  
  48  8:34  Zergling x2  
  48  8:35  Zergling x4  
  45  8:44  Spine Crawler  
  45  8:45  Spine Crawler  
  45  8:48  Spine Crawler  
  38  8:51  Spine Crawler  
  36  8:56  Spine Crawler  
  22  9:14  Drone  
  22  9:58  Spawning Pool  
  21  10:22  Drone x3  
  21  10:25  Drone  
  20  10:46  Zergling x4  
  20  10:48  Zergling x2  
  20  10:49  Zergling x12  
Tags
 
Matchup
PvZ
Opening
Pool First
Replay Pack
Multiplayer
Spawn Locations
Cross Positions
Add a new tag
Caveats
  • Supply blocks, unpowered buildings, or Contaminate may cause inaccurate times.
  • Supply counts are checked every 10 seconds.